 Dungeon Crawl Stone Soup version 0.29.1-1-gd02db6906a (webtiles) character file.

Game seed: 8199959295179568098

98534 safid the Crack Shot (level 15, -7/128 HPs)
             Began as a Minotaur Hunter on Oct 3, 2022.
             Was a High Priest of Okawaru.
             Mangled by a culicivora (18 damage)
             ... on level 1 of the Spider Nest.
             The game lasted 01:02:55 (20983 turns).

safid the Crack Shot (Minotaur Hunter)             Turns: 20983, Time: 01:02:55

Health: -7/128     AC: 12    Str: 19 (21) XL:     15   Next: 75%
Magic:  1/23       EV: 13    Int:  5 (6)  God:    Okawaru [*****.]
Gold:   1126       SH:  5    Dex: 24 (25) Spells: 14/14 levels left

rFire   + + .      SeeInvis +   n - +2 arbalest of Diet Blood {speed, SInv}
rCold   + + .      Faith    .   (shield currently unavailable)
rNeg    . . .      Spirit   .   j - +3 troll leather armour
rPois   +          Reflect  +   I - +2 hat of Yttauzil {rF++ rCorr Str+4 Dex-4}
rElec   .          Harm     .   D - +0 cloak
rCorr   +          Rampage  .   L - +0 pair of gloves of Dogma {rC+ Regen+ Dex+3}
Will    +....      Clarity  +   O - +0 pair of boots
Stlth   ++........              e - amulet of reflection
HPRegen 1.91/turn               q - ring of poison resistance
MPRegen 0.18/turn               y - +6 ring of dexterity

@: finesse-ful, studying Fighting
A: horns 2, retaliatory headbutt, clarity, cold resistance 1
a: Renounce Religion, Heroism, Finesse, Duel


You were on level 1 of the Spider Nest.
You worshipped Okawaru.
Okawaru was extremely pleased with you.
You visited 5 branches of the dungeon, and saw 24 of its levels.

You collected 2659 gold pieces.
You spent 1533 gold pieces at shops.

Inventory:

Hand Weapons
 n - the +2 arbalest of Diet Blood (weapon) {speed, SInv}
   (Okawaru gifted it to you on level 2 of the Lair of Beasts)

   Attacks with this weapon are significantly faster.
   SInv:      It lets you see invisible.
 G - a +7 vorpal triple crossbow
Missiles
 b - a throwing net
 r - 3 silver javelins
 v - 6 curare-tipped darts
 A - 10 javelins
Armour
 j - a +3 troll leather armour (worn)
 D - a +0 cloak (worn)
 I - the +2 hat of Yttauzil (worn) {rF++ rCorr Str+4 Dex-4}
   (Okawaru gifted it to you on level 5 of the Lair of Beasts)

   Str:       It affects your strength (+4).
   Dex:       It affects your dexterity (-4).
   rF:        It greatly protects you from fire.
   rCorr:     It protects you from acid and corrosion.
 L - the +0 pair of gloves of Dogma (worn) {rC+ Regen+ Dex+3}
   (Okawaru gifted it to you on level 2 of the Orcish Mines)

   Dex:       It affects your dexterity (+3).
   rC:        It protects you from cold.
   Regen:     It increases your rate of health regeneration.
 O - a +0 pair of boots (worn)
Jewellery
 e - an amulet of reflection (around neck)
 q - a ring of poison resistance (left hand)
 y - a +6 ring of dexterity (right hand)
 K - a ring of protection from cold
Wands
 m - a wand of iceblast (34)
 w - a wand of quicksilver (14)
 F - a wand of polymorph (10)
 N - a wand of flame (9)
Scrolls
 a - 13 scrolls of identify
 f - 2 scrolls of blinking
 g - a scroll of fog
 i - 9 scrolls of teleportation
 k - 2 scrolls of silence
 l - 6 scrolls of magic mapping
 t - 3 scrolls of fear
 E - 4 scrolls of poison
Potions
 c - a potion of resistance {unknown}
 d - 11 potions of ambrosia
 h - 11 potions of curing
 o - 4 potions of mutation
 p - a potion of magic
 s - a potion of berserk rage
 u - a potion of invisibility
 x - 2 potions of brilliance {unknown}
 z - 4 potions of might
 H - 4 potions of haste
 J - a potion of cancellation
 M - a potion of flight
Miscellaneous
 B - a tin of tremorstones (2/2)
 C - a condenser vane


   Skills:
 + Level 10.5 Fighting
 - Level 26.0 Ranged Weapons
 - Level 2.1 Dodging
 - Level 0.7 Stealth
 - Level 12.0 Invocations
 - Level 1.1 Evocations


You had 14 spell levels left.
You didn't know any spells.
Your spell library contained the following spells:

 Spells                   Type           Power      Damage    Failure   Level
 Foxfire                  Conj/Fire      0%         2x1d4     54%         1
 Necrotise                Necr           0%         1d4       54%         1
 Ensorcelled Hibernation  Hex/Ice        0%         N/A       67%         2
 Conjure Flame            Conj/Fire      0%         6-21      88%         3
 Dazzling Flash           Conj/Hex       0%         N/A       88%         3
 Inner Flame              Hex/Fire       0%         N/A       88%         3
 Spider Form              Tmut/Pois      0%         N/A       88%         3
 Stone Arrow              Conj/Erth      0%         3d7       88%         3
 Vampiric Draining        Necr           0%         2d6       88%         3
 Anguish                  Hex/Necr       0%         N/A       99%         4
 Corpse Rot               Necr/Pois/Air  0%         N/A       99%         4
 Dispel Undead            Necr           0%         3d6       99%         4
 Flame Wave               Conj/Fire      0%         2d4       99%         4
 Fulminant Prism          Conj/Hex       0%         3d6       99%         4
 Iskenderun's Mystic Bla  Conj/Tloc      0%         2d3       99%         4
 Passage of Golubria      Tloc           0%         N/A       99%         4
 Petrify                  Tmut/Erth      0%         N/A       99%         4
 Agony                    Necr           0%         N/A       100%        5
 Lee's Rapid Deconstruct  Erth           0%         3d5*      100%        5
 Metabolic Englaciation   Hex/Ice        0%         N/A       100%        5
 Yara's Violent Unravell  Hex/Tmut       0%         3d3       100%        5
 Starburst                Conj/Fire      0%         6d3       100%        6
 Statue Form              Tmut/Erth      0%         N/A       100%        6
 Storm Form               Tmut/Air       0%         N/A       100%        7
 Lehudib's Crystal Spear  Conj/Erth      0%         10d2      100%        8
 Maxwell's Capacitive Co  Air            0%         ∞         100%        8
 Tukima's Dance           Hex            Unusable   N/A       N/A         3
 Animate Armour           Summ/Erth      Unusable   N/A       N/A         4
 Summon Lightning Spire   Summ/Air       Unusable   N/A       N/A         4
 Death Channel            Necr           Unusable   N/A       N/A         6

Dungeon Overview and Level Annotations

Branches:
Dungeon (15/15)            Temple (1/1) D:5            Lair (5/5) D:8
 Shoals (0/4) Lair:2       Spider (1/4) Lair:3        Slime (0/5) Lair:5
    Orc (2/2) D:11            Elf (0/3) Orc:2        Vaults (0/5) D:14
 Depths (0/4) D:15

Altars:
Ashenzari
Cheibriados
Dithmenos
Elyvilon
Fedhas
Gozag
Hepliaklqana
Kikubaaqudgha
Makhleb
Nemelex Xobeh
Okawaru
Qazlal
Ru
Sif Muna
Trog
Uskayaw
Vehumet
Wu Jian
Xom
Yredelemnul
Zin
The Shining One

Shops:
D:4 =   D:5 [   D:10 ?   D:14 :   D:15 [:[   Orc:2 [?::

Annotations:
D:7 2 transporters, Cheops's ghost, novice GrFi


Innate Abilities, Weirdness & Mutations

You have a pair of horns on your head.
You reflexively headbutt those who attack you in melee.
You possess an exceptional clarity of mind.
Your flesh is cold resistant. (rC+)


Message History

Press: ? - help, Dir - move target, p - ghost moth
As you read the scroll of blinking, it crumbles to dust.
A culicivora comes into view.
The culicivora attacks as you move away!
The culicivora misses you. You furiously retaliate!
You headbutt the culicivora. You block the culicivora's attack.
The ghost moth stares at you.
You feel your power leaking away. The ghost moth stares at you.
The culicivora bites you but does no damage.
The culicivora attacks as you move away!
The culicivora bites you!
* * * LOW HITPOINT WARNING * * *
The culicivora draws strength from your injuries!
The ghost moth stares at you.
You feel your power leaking away. The culicivora barely misses you.
You furiously retaliate!
You headbutt the culicivora, but do no damage.
The ghost moth stares at you. The ghost moth stares at you.
The culicivora attacks as you move away!
The culicivora closely misses you. The ghost moth stares at you.
The culicivora bites you!
* * * LOW HITPOINT WARNING * * *
The culicivora draws strength from your injuries!
The orb spider's many legs skitter faintly.
The ghost moth stares at you. The culicivora closely misses you.
The culicivora attacks as you move away!
The culicivora bites you but does no damage.
The ghost moth attacks as you move away!
The ghost moth hits you!
* * * LOW HITPOINT WARNING * * *
The ghost moth hits you but does no damage.
The ghost moth stings you.
* * * LOW HITPOINT WARNING * * *
You feel clumsy. The culicivora bites you!!
You die...

##.....## .s...
#.....s# .......
#.....s# ..#....
#...s..# ###....
##......# ...
#...ss..##
###........##
#.......ys..#####
###......@.......
#.............#
#......<..##.##
#.......### .#
##.#.#### #
#.#..# #.#.##
.##.. .# #...


You could see a ghost moth (invisible), 3 orb spiders, a culicivora, a
tarantella and a redback.

Vanquished Creatures
  Rupert (D:13)
  Frances (D:12)
  Kirke (D:13)
  A dire elephant (Lair:5)
  Azrael (D:13)
  4 vault guards (D:14)
  Erolcha (D:13)
  2 catoblepae
  2 boulder beetles (D:15)
  6 hydras
  A merfolk avatar (Lair:5)
  9 centaur warriors
  3 ogre magi (Orc:2)
  2 two-headed ogres
  A tengu warrior (D:14)
  A vampire mage (D:15)
  6 death yaks
  Urug (D:13)
  Nergalle (D:12)
  Sonja (Orc:1)
  Lodul (D:13)
  A fire crab (Lair:5)
  2 skeletal warriors (D:15)
  A necromancer (D:15)
  A wizard (D:14)
  3 orc knights
  A harpy (Lair:5)
  3 deep elf pyromancers
  3 cyclopes
  A manticore (shapeshifter) (D:13)
  8 orc sorcerers
  12 ugly things
  5 manticores
  A salamander (shapeshifter) (D:12)
  A guardian serpent (shapeshifter) (D:15)
  2 black mambas
  15 elephants
  A frost giant skeleton (D:15)
  2 torpor snails
  14 cane toads
  3 unseen horrors
  Psyche (D:12)
  2 kobold demonologists
  7 rime drakes
  A freezing wraith (D:15)
  10 komodo dragons
  A queen bee (Orc:1)
  8 trolls
  A polar bear (shapeshifter) (D:14)
  Grinder (D:5)
  2 tarantellas (Spider:1)
  A wind drake (Lair:5)
  4 polar bears
  A hornet (Lair:5)
  4 slime creatures (D:13)
  17 blink frogs
  A snapping turtle (Lair:5)
  10 dream sheep
  3 jumping spiders
  3 shadows
  A culicivora (Spider:1)
  Sigmund (D:5)
  A spriggan (Lair:4)
  2 wraiths (D:13)
  4 wyverns
  4 humans (D:13)
  2 fire elementals (D:13)
  26 yaks
  4 basilisks
  Grum (D:11)
  4 wargs
  A redback (Spider:1)
  3 steam dragons
  17 vampire mosquitoes
  A human zombie (D:15)
  6 hell hounds (D:13)
  14 water moccasins
  A tengu skeleton (D:15)
  A sky beast (D:6)
  3 black bears
  12 orc warriors
  An ice beast (D:6)
  A black bear (shapeshifter) (D:15)
  A floating eye zombie (D:15)
  4 boggarts (D:14)
  38 wolves
  17 centaurs
  11 ogres
  A phantom (D:6)
  4 kobold brigands
  4 gnoll sergeants
  3 scorpions
  10 bullfrogs
  5 wights (D:6)
  28 killer bees
  6 howler monkeys
  A gnoll bouda (D:9)
  5 hounds
  8 jellies
  18 orc priests
  3 iguanas
  37 orc wizards
  7 adders
  23 gnolls
  A shadow imp (D:7)
  A white imp (D:7)
  2 ufetubi
  3 worms
  82 orcs
  7 endoplasms
  2 giant cockroaches
  9 goblins
  3 hobgoblins
  6 quokkas
  9 ball pythons
  4 bats
  4 frilled lizards (D:1)
  27 kobolds
  7 rats
717 creatures vanquished.

Vanquished Creatures (others)
  An endoplasm (Lair:5)
  A kobold (D:6)
  29 fungi
  61 plants
  4 withered plants (D:15)
96 creatures vanquished.

Grand Total: 813 creatures vanquished

Notes
Turn   | Place    | Note
-------+----------+-------------------------------------------
     0 | D:1      | safid the Minotaur Hunter began the quest for the Orb.
     0 | D:1      | Reached XP level 1. HP: 18/18 MP: 0/0
    28 | D:1      | Reached XP level 2. HP: 16/25 MP: 1/1
   204 | D:1      | Found a faded altar of an unknown god.
   367 | D:1      | Reached skill level 5 in Ranged Weapons
   691 | D:1      | Reached XP level 3. HP: 31/31 MP: 2/2
  1172 | D:2      | Found a glowing silver altar of Zin.
  1253 | D:2      | Reached skill level 6 in Ranged Weapons
  1253 | D:2      | Reached XP level 4. HP: 38/38 MP: 3/3
  1750 | D:3      | Found an opulent altar of Gozag.
  2092 | D:4      | Found an ancient bone altar of Kikubaaqudgha.
  2110 | D:4      | Reached skill level 7 in Ranged Weapons
  2110 | D:4      | Reached XP level 5. HP: 31/45 MP: 4/4
  2243 | D:4      | Found a sparkling altar of Nemelex Xobeh.
  2275 | D:4      | Reached XP level 6. HP: 48/51 MP: 5/5
  2309 | D:4      | Reached skill level 8 in Ranged Weapons
  2319 | D:4      | Found Ufutecwucae's Jewellery Boutique.
  2778 | D:4      | Noticed an orc warrior
  3025 | D:4      | Found the +1 Delatra's gloves {ID++}
  3159 | D:5      | Entered Level 5 of the Dungeon
  3160 | D:5      | Noticed Sigmund
  3171 | D:5      | HP: 2/51 [Sigmund/bolt of dispelling energy (13)]
  3187 | D:5      | Killed Sigmund
  3188 | D:5      | Reached skill level 9 in Ranged Weapons
  3188 | D:5      | Reached XP level 7. HP: 21/57 MP: 6/6
  3204 | D:5      | Noticed Grinder
  3542 | D:5      | Identified the +1 quarterstaff "Piennor" {flame, Str+3
                  | Dex+6}
  3569 | D:5      | Reached skill level 10 in Ranged Weapons
  3632 | D:5      | Found a staircase to the Ecumenical Temple.
  3638 | Temple   | Entered the Ecumenical Temple
  3665 | Temple   | Became a worshipper of Warmaster Okawaru
  3740 | D:5      | Killed Grinder
  3741 | D:5      | Reached XP level 8. HP: 25/63 MP: 7/7
  3800 | D:5      | Found Gorewn's Armour Shoppe.
  3821 | D:5      | Reached skill level 11 in Ranged Weapons
  4617 | D:6      | Reached * piety under Okawaru
  4639 | D:6      | Reached skill level 12 in Ranged Weapons
  4786 | D:6      | Reached skill level 13 in Ranged Weapons
  5131 | D:6      | Reached ** piety under Okawaru
  5179 | D:7      | Reached XP level 9. HP: 67/69 MP: 8/8
  5265 | D:7      | Found a bloodstained altar of Trog.
  5565 | D:7      | Noticed Cheops's ghost (novice GrFi)
  5589 | D:7      | Found a transporter.
  5611 | D:7      | Found a glowing golden altar of the Shining One.
  5642 | D:7      | Found a transporter.
  5738 | D:7      | Reached skill level 14 in Ranged Weapons
  5775 | D:7      | Found a burning altar of Makhleb.
  5987 | D:8      | Noticed a troll
  5994 | D:8      | Killed a troll
  6116 | D:8      | Reached *** piety under Okawaru
  6258 | D:8      | Reached skill level 15 in Ranged Weapons
  6455 | D:8      | Found a staircase to the Lair.
  6964 | D:9      | Reached XP level 10. HP: 77/77 MP: 9/9
  6982 | D:9      | Reached **** piety under Okawaru
  6983 | D:9      | Reached skill level 16 in Ranged Weapons
  7096 | D:9      | Reached skill level 1 in Invocations
  7304 | D:9      | Reached skill level 5 in Fighting
  7751 | D:9      | Found a shadowy altar of Dithmenos.
  7770 | D:10     | Entered Level 10 of the Dungeon
  7943 | D:10     | Found a broken altar of Ashenzari.
  8064 | D:10     | Reached ***** piety under Okawaru
  8118 | D:10     | Found Nuateit's Magic Scroll Shoppe.
  8262 | D:10     | Found a hazy altar of Hepliaklqana.
  8427 | D:10     | Identified the +0 ring mail "Dok Furu" {rElec rC+ Str+2
                  | Int+3}
  8650 | Lair:1   | Entered Level 1 of the Lair of Beasts
  8652 | Lair:1   | Noticed a torpor snail
  8694 | D:8      | Reached skill level 5 in Invocations
  8741 | Lair:1   | Gained mutation: You possess an exceptional clarity of
                  | mind. [potion of mutation]
  8741 | Lair:1   | Gained mutation: Your flesh is cold resistant. (rC+)
                  | [potion of mutation]
  8749 | Lair:1   | Killed a torpor snail
  8913 | Lair:1   | Reached XP level 11. HP: 81/94 MP: 14/14
  8940 | Lair:1   | Received a gift from Okawaru
  9571 | Lair:1   | Identified the +9 quick blade "Catzyl" {vorpal, +Blink
                  | rCorr} (Okawaru gifted it to you on level 1 of the Lair of
                  | Beasts)
  9571 | Lair:1   | Received a gift from Okawaru
 10211 | Lair:2   | Reached skill level 10 in Fighting
 10365 | Lair:2   | Found a staircase to the Shoals.
 10376 | Lair:2   | Noticed a catoblepas
 10490 | Lair:1   | Reached skill level 1 in Evocations
 10720 | Lair:2   | Received a gift from Okawaru
 10871 | Lair:2   | Noticed a six-headed hydra
 10875 | Lair:2   | Killed a six-headed hydra
 10980 | Lair:2   | Reached ****** piety under Okawaru
 10980 | Lair:2   | Identified the +2 arbalest of Diet Blood {speed, SInv}
                  | (Okawaru gifted it to you on level 2 of the Lair of Beasts)
 10980 | Lair:2   | Received a gift from Okawaru
 10981 | Lair:2   | Reached XP level 12. HP: 99/106 MP: 16/18
 11236 | Lair:2   | Killed a catoblepas
 11237 | Lair:2   | Reached skill level 17 in Ranged Weapons
 11519 | Lair:3   | Noticed a four-headed hydra
 11587 | Lair:3   | You fall into a shaft and drop 1 floor!
 11603 | Lair:4   | Reached skill level 10 in Invocations
 11755 | Lair:4   | Reached skill level 18 in Ranged Weapons
 11787 | Lair:4   | Received a gift from Okawaru
 11940 | Lair:3   | Noticed a death yak
 11943 | Lair:3   | Noticed a death yak
 11944 | Lair:3   | Noticed a death yak
 11946 | Lair:3   | Killed a death yak
 11966 | Lair:3   | Killed a four-headed hydra
 11975 | Lair:3   | Killed a death yak
 11976 | Lair:3   | Reached skill level 19 in Ranged Weapons
 11979 | Lair:3   | Killed a death yak
 12131 | Lair:3   | Received a gift from Okawaru
 12145 | Lair:3   | Found a hole to the Spider Nest.
 12374 | Lair:3   | Reached XP level 13. HP: 113/113 MP: 19/19
 13250 | Lair:4   | Reached skill level 20 in Ranged Weapons
 13578 | Lair:5   | Entered Level 5 of the Lair of Beasts
 13770 | Lair:5   | Received a gift from Okawaru
 13820 | Lair:5   | Noticed a dire elephant
 13836 | Lair:5   | Killed a dire elephant
 14020 | Lair:5   | Identified the +2 hat of Yttauzil {rF++ rCorr Str+4 Dex-4}
                  | (Okawaru gifted it to you on level 5 of the Lair of Beasts)
 14020 | Lair:5   | Received a gift from Okawaru
 14220 | Lair:5   | Reached skill level 21 in Ranged Weapons
 14455 | Lair:5   | Identified the +4 trident "ETAOIN SHRDLU" {drain, *Slow
                  | Int+3}
 14503 | Lair:5   | Reached XP level 14. HP: 121/121 MP: 22/22
 14504 | Lair:5   | Found a staircase to the Slime Pits.
 14907 | D:11     | Noticed Grum
 14911 | D:11     | Killed Grum
 15025 | D:10     | Bought a scroll of enchant armour for 112 gold pieces
 15025 | D:10     | Bought a scroll of amnesia for 60 gold pieces
 15025 | D:10     | Bought a scroll of teleportation for 45 gold pieces
 15025 | D:10     | Bought a scroll of blinking for 112 gold pieces
 15232 | D:11     | Found a staircase to the Orcish Mines.
 15435 | Orc:1    | Entered Level 1 of the Orcish Mines
 15562 | Orc:1    | Reached skill level 22 in Ranged Weapons
 15940 | Orc:2    | Entered Level 2 of the Orcish Mines
 15940 | Orc:2    | Found a staircase to the Elven Halls.
 16354 | Orc:2    | Found Ytrued's Antique Armour Shoppe.
 16380 | Orc:2    | Found a radiant altar of Vehumet.
 16403 | Orc:2    | Found Puimm's Magic Scroll Shoppe.
 16410 | Orc:2    | Identified the +0 pair of gloves of Dogma {rC+ Regen+
                  | Dex+3} (Okawaru gifted it to you on level 2 of the Orcish
                  | Mines)
 16410 | Orc:2    | Received a gift from Okawaru
 16432 | Orc:2    | Bought a scroll of teleportation for 42 gold pieces
 16432 | Orc:2    | Bought a scroll of teleportation for 42 gold pieces
 16441 | Orc:2    | Found an ancient bone altar of Kikubaaqudgha.
 16464 | Orc:2    | Paralysed by an ogre mage for 5 turns
 16487 | Orc:2    | Found Qoqexzich's Book Emporium.
 16526 | Orc:2    | Paralysed by an orc sorcerer for 5 turns
 16583 | Orc:2    | Found Bufogup's Book Shoppe.
 16779 | Orc:1    | Noticed Sonja
 16785 | Orc:1    | Killed Sonja
 17009 | Orc:2    | Bought a manual of Fighting for 1120 gold pieces
 17273 | D:12     | Noticed Frances
 17289 | D:12     | Killed Frances
 17290 | D:12     | Reached skill level 23 in Ranged Weapons
 17369 | D:12     | Noticed Nergalle
 17376 | D:12     | Killed Nergalle
 17427 | D:12     | Noticed Psyche
 17431 | D:12     | Killed Psyche
 18130 | D:13     | Noticed Lodul
 18137 | D:13     | Killed Lodul
 18155 | D:13     | Noticed Rupert
 18173 | D:13     | Killed Rupert
 18225 | D:13     | Noticed Urug
 18250 | D:13     | Killed Urug
 18394 | D:13     | Reached skill level 24 in Ranged Weapons
 18404 | D:13     | Noticed Erolcha
 18410 | D:13     | Killed Erolcha
 18466 | D:13     | Received a gift from Okawaru
 18478 | D:13     | Noticed Kirke
 18487 | D:13     | Killed Kirke
 18488 | D:13     | Reached XP level 15. HP: 126/126 MP: 23/23
 18503 | D:13     | Noticed Azrael
 18517 | D:13     | Killed Azrael
 18915 | D:14     | Found a gate to the Vaults.
 18945 | D:14     | Received a gift from Okawaru
 18971 | D:14     | Reached skill level 25 in Ranged Weapons
 19228 | D:14     | Found Cilyasch's Book Boutique.
 19707 | D:15     | Entered Level 15 of the Dungeon
 19917 | D:15     | Found Sotauf's Armour Shoppe.
 20226 | D:15     | Found Qyhureng's Book Boutique.
 20381 | D:15     | Found a staircase to the Depths.
 20494 | D:15     | Found Diddy's Armour Shoppe.
 20554 | D:15     | Reached skill level 26 in Ranged Weapons
 20908 | Spider:1 | Entered Level 1 of the Spider Nest
 20983 | Spider:1 | Mangled by a culicivora

Illustrated notes

Levels and vault maps discovered:
D:1:      dpeg_arrival_radiant, layout_loops_ring,
          shapermc_ecumenical_altar_venn
D:2:      layout_loops_ring, basic_altar, minmay_three_crescents
D:3:      layout_loops_ring, mainiacjoe_overflow_small_starburst,
          amethyst_killhole
D:4:      layout_loops_corners, mainiacjoe_overflow_boulevard,
          mainiacjoe_overflow_cross_hatched, serial_shops, shop,
          pf_guarded_unrand_delatra
D:5:      layout_basic, temple_green, serial_shops, shop, uniq_grinder,
          uniq_sigmund
D:6:      layout_cave_pods
D:7:      layout_gridville, mainiacjoe_overflow_six_doors_small,
          mainiacjoe_overflow_24_doors, nicolae_overflow_crystal_walls,
          gammafunk_ghost_hive
D:8:      layout_basic, erik_lair_orcish_takeover, minivault_11
D:9:      layout_irregular_city, kennysheep_mini_moat, serial_column_ruins,
          column_ruins_hut_ruined, column_ruins_open_tiny, column_ruins_grid_2,
          column_ruins_columns_dead_end, column_ruins_grid_4,
          column_ruins_grid_1
D:10:     layout_irregular_city, lemuel_round_altar,
          mainiacjoe_overflow_tiny_flanked, serial_shops,
          nicolae_take_the_stairs
D:11:     layout_rooms, david_orc_2, uniq_grum
D:12:     layout_irregular_city, bh_walls_and_bars, uniq_psyche, uniq_nergalle,
          uniq_frances
D:13:     layout_rooms, uniq_lodul, uniq_rupert, uniq_urug, uniq_azrael,
          uniq_erolcha, uniq_kirke
D:14:     layout_loops_corners, lightli_vaults_fourway_checkpoint, serial_shops,
          kennysheep_little_box, hex_medium, kennysheep_decorative_pillar
D:15:     gammafunk_depths_entry_grave, layout_basic,
          nicolae_concentric_dashed_squares_wild, serial_shops, shop, shop,
          nicolae_lakefront_shop
Temple:   nicolae_temple_ecumenical_triangle
Lair:1:   layout_cave_pods
Lair:2:   layout_loops_ring, minmay_shoals_entry_centaurs,
          chequers_serial_rivers_marsh, infiniplex_staircase_pool_2
Lair:3:   layout_hall_layers, spider_nest_entry_a, grunt_megastairs_1
Lair:4:   layout_regular_city, st_stairs_12, forest_entry_grove
Lair:5:   gammafunk_lair_ancient_temple, layout_misc_corridors,
          nicolae_slime_entry_slimehenge, serial_bayou_shore_a
Spider:1: layout_chambers, nicolae_spider_moth_buddies
Orc:1:    layout_diamond_mine, special_room [special_room_bee],
          nicolae_orc_lava_room, uniq_sonja
Orc:2:    kennysheep_orc_mage_school, layout_diamond_mine

Skill      XL: |  1  2  3  4  5  6  7  8  9 10 11 12 13 14 15 |
---------------+----------------------------------------------+-----
Fighting       | 3 8 10 | 10.5
Ranged Weapons | 5 6 7 9 10 13 15 16 19 21 24 26 | 26.0
Invocations    | 6 9 10 12 | 12.0
Evocations     | 1 |  1.1
Dodging        | |  2.1
Stealth        | |  0.7

Action                   |  1- 3 |  4- 6 |  7- 9 | 10-12 | 13-15 || total
-------------------------+-------+-------+-------+-------+-------++-------
Melee: Shortbow          |       |       |     2 |       |       ||     2
       Headbutt          |       |       |     1 |       |       ||     1
 Fire: Shortbow          |    92 |   171 |   498 |   520 |       ||  1281
       Arbalest          |       |       |       |   256 |  1312 ||  1568
       Triple crossbow   |       |       |       |       |     6 ||     6
Invok: Heroism           |       |       |       |     3 |     8 ||    11
       Finesse           |       |       |       |     2 |    17 ||    19
  Use: Potion            |       |     1 |       |    11 |       ||    12
       Scroll            |       |       |     9 |    12 |    10 ||    31
Armor: Leather armour    |     4 |       |       |       |       ||     4
       Troll leather arm |     4 |    11 |    49 |   155 |    81 ||   300
       Skin              |       |     6 |       |     3 |       ||     9
Dodge: Dodged            |    17 |    27 |    93 |   319 |   144 ||   600
Block: Other             |     7 |    10 |    46 |   134 |    61 ||   258
       Reflection        |     1 |     2 |     4 |     3 |    15 ||    25
